 Dungeon Crawl Stone Soup version 0.17-a0-1313-ge10e169 (webtiles) character file.

67 Sommunist the Ruffian (level 3, -1/33 HPs)
             Began as a Minotaur Monk on June 9, 2015.
             Slain by an orc
             ... wielding a +0 mace
              (7 damage)
             ... on level 3 of the Dungeon.
             The game lasted 00:03:45 (1762 turns).

Sommunist the Ruffian (Minotaur Monk)               Turns: 1762, Time: 00:03:45

Health: -1/33      AC:  2    Str: 15    XL:     3   Next: 98%
Magic:  2/2        EV: 13    Int:  7    God:
Gold:   106        SH:  0    Dex: 13    Spells: 0 memorised, 2 levels left

rFire  . . .     SeeInvis .       - Unarmed
rCold  . . .     Clarity  .     a - +0 robe
rNeg   . . .     SustAt   .     (no shield)
rPois  .         Gourm    .     (helmet restricted)
rElec  .         Spirit   .     (no cloak)
rCorr  .         Warding  .     (no gloves)
rMut   .         Stasis   .     (no boots)
MR     .....                    (no amulet)
Stlth  ++........               (no ring)
                                (no ring)

@: not resistant to hostile enchantments, unstealthy
A: retaliatory headbutt, horns 2
a: no special abilities


You were on level 3 of the Dungeon.
You were not hungry.

You visited 1 branch of the dungeon, and saw 3 of its levels.

You collected 106 gold pieces.

Inventory:

Missiles
 c - 97 stones (quivered)
Armour
 a - a +0 robe (worn)
Jewellery
 k - a cursed ring of loudness {unknown}
Scrolls
 f - a scroll of enchant weapon {unknown}
 g - a scroll of random uselessness {unknown}
 i - a scroll of identify {unknown}
 l - a scroll of fear {unknown}
 m - a scroll of blinking {unknown}
Potions
 e - a potion of agility {unknown}
 j - 2 potions of curing {unknown}
 n - 2 potions of poison {unknown}
 o - a potion of invisibility {unknown}
 p - a potion of magic {unknown}
 q - a potion of lignification {unknown}
Comestibles
 b - 2 bread rations
 d - 2 chunks of flesh
 h - a meat ration


   Skills:
 + Level 4.1 Fighting
 + Level 3.9 Dodging
 + Level 2.3 Stealth
 * Level 5.0 Unarmed Combat


You had 2 spell levels left.
You didn't know any spells.

Dungeon Overview and Level Annotations

Branches:
Dungeon (3/15)

Altars:
Dithmenos
Nemelex Xobeh
Zin


Innate Abilities, Weirdness & Mutations

You reflexively headbutt those who attack you in melee.
You have a pair of horns on your head.


Message History

The orc priest is heavily wounded.
The orc priest hits you with a short sword.
The orc barely misses you. You furiously retaliate!
You headbutt the orc. The orc wizard completely misses you.
You barely miss the orc priest.
The orc priest is heavily wounded.
The orc priest misses you. The orc completely misses you.
You barely miss the orc priest.
The orc priest is heavily wounded.
The orc wizard casts a spell at you. The puff of flame hits you!
The orc priest mumbles some strange prayers to Beogh against you.
Pain shoots through your body!
* * * LOW HITPOINT WARNING * * *
Unknown command.
Unknown command.
You barely miss the orc priest.
The orc priest is heavily wounded.
The orc hits you with a mace!
You die...

.... #### .# ..#.##..##
..# . ...#....## ...#
...........#######....#
....#.................#
....#.................#
.....#.....#..........#
....>..<..............#
.!..#.o@..............#
.o. #.oo....###..######
....##.o....# #.##
............###.#
###..)..#.......
#.....(#.........
..####...........
#............
#..#..........


You could see an orc priest, an orc wizard and 2 orcs.

Vanquished Creatures
  2 adders (D:2)
  2 worms (D:2)
  2 giant cockroaches
  8 goblins
  4 hobgoblins (D:2)
  3 jackals (D:2)
  6 kobolds
  A quokka (D:2)
  A ball python (D:3)
  2 bats (D:2)
  2 giant newts
  7 rats
40 creatures vanquished.

Vanquished Creatures (others)
  2 minotaurs (D:1)
  An octopode (D:1)
  A gargoyle (D:1)
  An elf (D:1)
  2 trolls (D:1)
  3 vampires (D:1)
  A dwarf (D:1)
  2 ogres (D:1)
  A centaur (D:1)
  An orc (D:1)
  12 tentacles (D:1)
  11 tentacle segments (D:1)
38 creatures vanquished.

Grand Total: 78 creatures vanquished

Notes
Turn   | Place    | Note
--------------------------------------------------------------
     0 | D:1      | Sommunist the Minotaur Monk began the quest for the Orb.
     0 | D:1      | Reached XP level 1. HP: 19/19 MP: 0/0
     2 | D:1      | Noticed a dwarf
     2 | D:1      | Noticed a troll
     2 | D:1      | Noticed a vampire
     2 | D:1      | Noticed a vampire
     2 | D:1      | Noticed an elf
     2 | D:1      | Noticed a vampire
     2 | D:1      | Noticed a minotaur
     2 | D:1      | Noticed a kraken
     2 | D:1      | Noticed an octopode
     2 | D:1      | Noticed a centaur
     2 | D:1      | Noticed an ogre
     2 | D:1      | Noticed a troll
     2 | D:1      | Noticed an ogre
     2 | D:1      | Noticed a gargoyle
     2 | D:1      | Noticed a minotaur
     3 | D:1      | Killed a centaur
     4 | D:1      | Killed a minotaur
     5 | D:1      | Killed a troll
     6 | D:1      | Killed a gargoyle
     8 | D:1      | Killed a vampire
    11 | D:1      | Killed a minotaur
    16 | D:1      | Killed an ogre
    21 | D:1      | Killed an octopode
    22 | D:1      | Killed a vampire
    23 | D:1      | Killed a troll
    25 | D:1      | Killed a vampire
    26 | D:1      | Killed an ogre
    30 | D:1      | Killed an elf
    30 | D:1      | Killed a dwarf
   572 | D:1      | Reached XP level 2. HP: 22/27 MP: 1/1
   960 | D:2      | Found a shadowy altar of Dithmenos.
  1037 | D:2      | Found a sparkling altar of Nemelex Xobeh.
  1111 | D:2      | Reached XP level 3. HP: 19/33 MP: 2/2
  1483 | D:2      | Reached skill level 5 in Unarmed Combat
  1543 | D:2      | Noticed an angel
  1544 | D:2      | Found a glowing silver altar of Zin.
  1762 | D:3      | Slain by an orc

Vault maps used:
D:1:      nicolae_arrival_kraken_aquarium_b, serial_forest,
          infiniplex_forest_clump_cross, infiniplex_forest_straight_3,
          infiniplex_forest_zigzag_2, infiniplex_forest_end_3,
          infiniplex_forest_clump_curved, infiniplex_forest_lined_3_way,
          minivault_14, minmay_misc_feat_more_columns
D:2:      zin_angel, lemuel_crystal_altar, lemuel_doored_altar
D:3:      tgw_trog, roderic_roman_lattice

Action                   || total
-------------------------++-------
Melee: Unarmed           ||    91
Throw: Stone             ||     2
 Stab: Sleeping          ||     8
       Distracted        ||     1
  Eat: Chunk             ||     3
